 Dungeon Crawl Stone Soup version 0.17.0-1-g61d176b (webtiles) character file.

24177 Medar the Carver (level 13, -19/89 HPs)
             Began as a Formicid Monk on Nov 7, 2015.
             Was an Elder of Elyvilon.
             Demolished by Snorg (22 damage)
             ... on level 4 of the Lair of Beasts.
             The game lasted 01:07:35 (19633 turns).

Medar the Carver (Formicid Monk)                   Turns: 19633, Time: 01:07:35

Health: -19/89     AC: 15    Str: 21    XL:     13   Next: 40%
Magic:  20/22      EV:  9    Int: 15    God:    Elyvilon [****..]
Gold:   960        SH: 12    Dex: 13    Spells: 0 memorised, 12 levels left

rFire  . . .     SeeInvis +     a - +2 long sword (elec)
rCold  . . .     Clarity  .     N - +0 chain mail
rNeg   . . .     SustAt   .     U - +0 shield
rPois  +         Gourm    .     (helmet unavailable)
rElec  .         Spirit   .     d - +2 cloak {rPois}
rCorr  +         Warding  .     I - +1 pair of gloves
rMut   .         Stasis   +     k - +0 pair of boots
MR     +....                    M - amulet of resist corrosion
Stlth  ..........               Y - ring of stealth
                                K - +5 ring of intelligence

@: protection, somewhat resistant to hostile enchantments, extremely unstealthy
A: permanent stasis, dig shafts and tunnels, four strong arms, antennae 3
a: Dig, Shaft Self, Lesser Healing, Divine Protection, Heal Other, Purification,
Greater Healing, Renounce Religion


You were on level 4 of the Lair of Beasts.
You worshipped Elyvilon.
Elyvilon was greatly pleased with you.
You were hungry.

You visited 3 branches of the dungeon, and saw 17 of its levels.
You also visited: Labyrinth.

You collected 960 gold pieces.

Inventory:

Hand Weapons
 a - a +2 long sword of electrocution (weapon)
 b - a +0 blowgun
 q - a +2 great sword of freezing
 v - a +3 great sword
Missiles
 f - 3 steel javelins (quivered)
 p - 25 poisoned needles
Armour
 d - a +2 cloak of poison resistance (worn)
 k - a +0 pair of boots (worn)
 I - a +1 pair of gloves (worn)
 N - a +0 chain mail (worn)
 T - a +2 leather armour of fire resistance
 U - a +0 shield (worn)
Jewellery
 K - a +5 ring of intelligence (left hand)
 M - an amulet of resist corrosion (around neck)
 Y - a ring of stealth (right hand)
 Z - an uncursed ring of ice
Wands
 j - a wand of flame (39)
 n - a wand of fireball (6)
 o - a wand of fire (5)
 r - a wand of digging (15)
 x - a wand of fireball (9)
 R - a wand of frost (32)
 V - a wand of fireball (10)
Scrolls
 c - a scroll of summoning {unknown}
 g - a scroll of identify {@r2}
 i - 10 scrolls of remove curse {@r1}
 s - 2 scrolls of fog
 w - a scroll of enchant weapon
 y - a scroll of immolation
 H - a scroll of fear {unknown}
 O - 2 scrolls of enchant armour
 W - a scroll of torment {unknown}
 X - a scroll of amnesia {unknown}
Potions
 e - 2 potions of mutation {!q}
 h - 2 potions of might
 m - a potion of resistance
 t - 6 potions of flight
 A - a potion of lignification
 B - 7 potions of curing {@q1}
 C - a potion of agility
 D - 4 potions of brilliance
 E - a potion of ambrosia
 F - 2 potions of heal wounds
 Q - a potion of berserk rage {!q}
Books
 u - a book of the Warp

   Spells                             Type                      Level
   a - Recall                         Summoning/Translocation      3
   b - Gell's Gravitas                Hexes/Translocation          3
   c - Force Lance                    Conjuration/Translocation    4
   d - Phase Shift                    Translocation                5
   e - Warp Weapon                    Charms/Translocation         5
   f - Summon Forest                  Summoning/Translocation      5
 L - Sif Muna's Reference Book on Translocation
   (You found it in a labyrinth)

   Spells                             Type                      Level
   a - Blink                          Translocation                2
   b - Gell's Gravitas                Hexes/Translocation          3
   c - Recall                         Summoning/Translocation      3
   d - Portal Projectile              Translocation                3
   e - Teleport Other                 Translocation                3
   f - Passage of Golubria            Translocation                4
   g - Warp Weapon                    Charms/Translocation         5
   h - Phase Shift                    Translocation                5
 P - the Tome of Self-Improvement
   (You found it in a labyrinth)

   Spells                             Type                      Level
   a - Infusion                       Charms                       1
   b - Swiftness                      Charms/Air                   2
   c - Regeneration                   Charms/Necromancy            3
   d - Warp Weapon                    Charms/Translocation         5
   e - Excruciating Wounds            Charms/Necromancy            5
   f - Deflect Missiles               Charms/Air                   6
   g - Haste                          Charms                       6
   h - Ring of Flames                 Charms/Fire                  7
Comestibles
 l - 2 slices of pizza
 z - 4 fruits {@e3}
 G - 11 bread rations {@e1}
 J - a chunk of flesh
 S - 4 meat rations {@e2}


   Skills:
 - Level 4.3 Fighting
   Level 8.3(12.0) Short Blades
 + Level 13.7(14.4) Long Blades
 - Level 2.1 Armour
 - Level 2.9 Dodging
 - Level 2.4 Stealth
 - Level 9.6 Shields
 - Level 4.0 Unarmed Combat
 - Level 13.1 Invocations


You had 12 spell levels left.
You didn't know any spells.

Dungeon Overview and Level Annotations

Branches:
Dungeon (12/15)            Temple (1/1) D:4            Lair (4/8) D:11
  Swamp (0/4) Lair:4
  Snake: Lair:3-6    Spider: Lair:3-6       Orc: D:9-12

Altars:
Ashenzari
Cheibriados
Elyvilon
Fedhas
Kikubaaqudgha
Makhleb
Nemelex Xobeh
Qazlal
Ru
Sif Muna
Trog
Vehumet
Xom
Yredelemnul
Zin
The Shining One

Shops:
D:4 (   D:5 }   D:7 :

Annotations:
Lair:4 exclusion: oklob plant, Snorg


Innate Abilities, Weirdness & Mutations

You are under a permanent stasis effect.
You can dig through walls and to a lower floor.
Your four strong arms can wield two-handed weapons with a shield.
You have a pair of large antennae on your head (SInv).


Message History

Snorg completely misses you. Snorg claws you!
* * * LOW HITPOINT WARNING * * *
You block Snorg's attack.
Okay, then.
Unknown command.
Unknown command.
You beseech Elyvilon to protect your life.
You block the water moccasin's attack. Snorg bites you.
* * * LOW HITPOINT WARNING * * *
Snorg barely misses you. Snorg claws you.
* * * LOW HITPOINT WARNING * * *
Are you sure you want to shaft yourself?
You are feeling hungry.
The water moccasin barely misses you. Snorg bites you but does no damage.
Snorg claws you.
* * * LOW HITPOINT WARNING * * *
Snorg claws you! Elyvilon protects you from harm!
You block the water moccasin's attack. Snorg bites you!!
You die...

..........#
..........
.(.......P
..(......#
...((....#
............(...#
P................#
#.......####.P#TS##
P......###.#.P##@.#
.......##.....#..##
P......#P.........#
........P.....P..##
...............#..#
#.............##.##
.>.......#..#.##.#
[.....†#.#..####.#
.................#


You could see Snorg (berserk) and a water moccasin.

Vanquished Creatures
  A minotaur (Lab)
  An unseen horror (D:11)
  Pikel (D:8)
  3 hill giants
  An ugly thing (D:11)
  Psyche (D:8)
  A torpor snail (Lair:3)
  A komodo dragon (Lair:1)
  3 spiny frogs
  2 fire drakes (Lair:3)
  A two-headed ogre (D:10)
  A freezing wraith (D:11)
  Grinder (D:5)
  7 blink frogs
  A shadow (D:11)
  19 yaks
  A deep elf mage (D:10)
  A deep elf fighter (D:11)
  5 humans
  2 hippogriffs
  7 hungry ghosts
  A basilisk (Lair:4)
  8 water moccasins
  The ghost of UristPineapples the Cudgeler, an amateur GrFi of Okawaru (D:4)
  A soldier ant (D:11)
  4 sky beasts
  A wasp (D:9)
  7 porcupines
  3 necrophages
  A slave (D:8)
  4 ogres
  5 ice beasts
  2 phantoms
  An eye of draining (D:10)
  4 centaurs
  2 crocodiles
  5 giant frogs
  A water moccasin zombie (D:7)
  2 scorpions
  A wyvern zombie (D:11)
  10 killer bees
  12 wights
  3 centaur zombies
  3 giant frog zombies
  7 crimson imps
  A jelly (D:6)
  A wasp zombie (D:9)
  Crazy Yiuf (D:5)
  2 centaur skeletons
  Ijyb (D:2)
  2 hell rats (Lair:2)
  3 hounds
  A giant frog skeleton (D:6)
  9 iguanas
  6 orc priests
  7 worker ants
  Natasha (thrice) (D:2)
  12 orc wizards
  A killer bee zombie (D:8)
  10 sheep
  Robin (D:2)
  A gnoll (D:5)
  48 river rats
  15 adders
  2 shadow imps
  An ooze (D:2)
  An adder skeleton (D:4)
  An adder zombie (D:5)
  A worm (D:3)
  35 orcs
  2 ball pythons
  17 bats
  9 giant cockroaches
  10 hobgoblins
  4 quokkas
  6 giant geckos
  5 giant newts
  19 goblins
  13 jackals
  A jackal zombie (D:7)
  11 kobolds
  A quokka zombie (D:7)
  17 rats
431 creatures vanquished.

Vanquished Creatures (others)
  A cyclops (D:11)
  A two-headed ogre (D:12)
  An orc warrior (D:7)
  2 slaves (D:8)
  A giant frog (D:10)
  A wight (D:7)
  3 killer bees (D:7)
  An orc priest (D:8)
  An orc wizard (D:7)
  An adder (D:6)
  A gnoll (D:5)
  A river rat (Lair:3)
  5 orcs
  2 fungi
  4 plants
26 creatures vanquished.

Grand Total: 457 creatures vanquished

Notes
Turn   | Place    | Note
--------------------------------------------------------------
     0 | D:1      | Medar the Formicid Monk began the quest for the Orb.
     0 | D:1      | Reached XP level 1. HP: 18/18 MP: 1/1
   302 | D:1      | Reached XP level 2. HP: 22/24 MP: 2/2
   781 | D:1      | Reached skill level 1 in Armour
  1013 | D:1      | Reached XP level 3. HP: 30/30 MP: 3/3
  1061 | D:2      | Noticed Ijyb
  1083 | D:2      | Killed Ijyb
  1083 | D:2      | Reached XP level 4. HP: 30/37 MP: 4/4
  1183 | D:2      | Noticed Robin
  1522 | D:2      | Killed Robin
  1522 | D:2      | Reached skill level 1 in Short Blades
  1948 | D:2      | Noticed Natasha
  1960 | D:2      | Killed Natasha
  1960 | D:2      | Reached XP level 5. HP: 43/43 MP: 5/5
  2107 | D:2      | Noticed Natasha
  2118 | D:2      | Killed Natasha
  2133 | D:2      | Noticed Natasha
  2141 | D:2      | Killed Natasha
  2218 | D:3      | Found a glowing golden altar of the Shining One.
  3263 | D:4      | Found a staircase to the Ecumenical Temple.
  3278 | Temple   | Entered the Ecumenical Temple
  3402 | Temple   | Became a worshipper of Elyvilon the Healer
  3402 | Temple   | Reached * piety under Elyvilon
  3402 | Temple   | Reached ** piety under Elyvilon
  3451 | D:4      | Reached XP level 6. HP: 49/49 MP: 6/6
  3465 | D:4      | Noticed UristPineapples's ghost (amateur GrFi)
  3504 | D:4      | Reached skill level 1 in Invocations
  3680 | D:4      | Found Cuohepha's Antique Weapon Emporium.
  3938 | D:4      | Noticed an ogre
  3941 | D:4      | Killed an ogre
  4135 | D:5      | Entered Level 5 of the Dungeon
  4141 | D:5      | Reached XP level 7. HP: 55/55 MP: 9/9
  4204 | D:5      | Noticed an ice beast
  4725 | D:5      | Found Ohepreus's Gadget Shoppe.
  4798 | D:5      | Noticed an ice beast
  4805 | D:5      | Killed an ice beast
  4981 | D:5      | Killed an ice beast
  4981 | D:5      | Reached skill level 5 in Invocations
  5124 | D:5      | Noticed Crazy Yiuf
  5132 | D:5      | Killed Crazy Yiuf
  5132 | D:5      | Reached skill level 5 in Short Blades
  5283 | D:5      | Noticed Grinder
  5291 | D:5      | Killed Grinder
  5291 | D:5      | Reached skill level 6 in Invocations
  5291 | D:5      | Reached XP level 8. HP: 49/61 MP: 8/12
  5447 | D:5      | Found a deep blue altar of Sif Muna.
  5449 | D:5      | Noticed a sky beast
  5494 | D:5      | Killed a sky beast
  5587 | D:5      | Found a radiant altar of Vehumet.
  6016 | D:6      | Reached skill level 7 in Invocations
  6038 | D:6      | Reached XP level 9. HP: 37/66 MP: 10/14
  6048 | D:6      | Reached skill level 8 in Invocations
  6404 | D:6      | Reached skill level 9 in Invocations
  6958 | D:7      | Reached skill level 1 in Long Blades
  7261 | D:7      | Reached XP level 10. HP: 65/73 MP: 17/17
  7372 | D:7      | Found Ulez's Book Emporium.
  7400 | D:7      | Reached skill level 5 in Long Blades
  8845 | D:8      | Reached skill level 10 in Invocations
  9248 | D:8      | Noticed Pikel
  9272 | D:8      | Killed Pikel
  9511 | D:8      | Noticed Psyche
  9548 | D:8      | Killed Psyche
  9985 | D:8      | Reached skill level 11 in Invocations
 10158 | D:9      | Reached XP level 11. HP: 70/78 MP: 19/19
 10742 | D:10     | Entered Level 10 of the Dungeon
 10867 | D:10     | Noticed a four-headed hydra
 10868 | D:10     | Pacified a four-headed hydra
 10912 | D:10     | Noticed a hill giant
 11005 | D:10     | Reached skill level 12 in Invocations
 11230 | D:10     | Noticed a hill giant
 11439 | D:4      | Reached *** piety under Elyvilon
 11456 | D:4      | Killed UristPineapples's ghost
 12219 | D:11     | Reached skill level 10 in Long Blades
 12458 | D:11     | Noticed a hill giant
 12727 | D:10     | Killed a hill giant
 13155 | D:11     | Noticed a red ugly thing
 13168 | D:11     | Killed a red ugly thing
 13168 | D:11     | Reached skill level 13 in Invocations
 13278 | D:11     | Noticed a cyclops
 13797 | D:11     | Noticed a hill giant
 14039 | D:12     | Reached XP level 12. HP: 80/83 MP: 21/21
 14379 | D:12     | Noticed an ogre mage
 14380 | D:12     | Pacified an ogre mage
 14596 | D:11     | Noticed a cyclops
 14599 | D:11     | Pacified a cyclops
 14789 | D:11     | Noticed an unseen horror
 14867 | D:11     | Pacified a cyclops
 14872 | D:11     | Killed a cyclops
 14893 | D:11     | Killed an unseen horror
 14940 | D:11     | Killed a hill giant
 14999 | D:11     | Killed a hill giant
 15036 | D:11     | Found a staircase to the Lair.
 15044 | Lair:1   | Entered Level 1 of the Lair of Beasts
 15157 | Lair:1   | Found a labyrinth entrance.
 15166 | Lab      | Entered a labyrinth
 15254 | Lab      | Got an ichor-stained plate armour
 15265 | Lab      | Identified the cursed +0 plate armour "Umpofiot" {rF- MR+ MP+9 SInv} (You found it in a labyrinth)
 15580 | Lab      | Noticed a minotaur
 15603 | Lab      | Killed a minotaur
 15628 | Lab      | Identified Sif Muna's Reference Book on Translocation
 15631 | Lab      | Identified the Tome of Self-Improvement
 15668 | Lair:1   | Reached skill level 1 in Shields
 15749 | Lair:1   | Got a jewelled longbow
 15752 | Lair:1   | Identified the +3 longbow of Iwehast {freeze, Str+2 Dex+4} (You found it on level 1 of the Lair of Beasts)
 16591 | Lair:2   | Reached skill level 5 in Shields
 16766 | Lair:2   | Reached **** piety under Elyvilon
 17459 | Lair:3   | Reached XP level 13. HP: 88/88 MP: 22/22
 18876 | Lair:4   | Reached ***** piety under Elyvilon
 19010 | Lair:4   | Found a staircase to the Swamp.
 19620 | Lair:4   | Noticed Snorg
 19633 | Lair:4   | HP: 3/89 [Snorg (6)]
 19633 | Lair:4   | Elyvilon protects you from harm!
 19633 | Lair:4   | Demolished by Snorg

Action                   |  1- 3 |  4- 6 |  7- 9 | 10-12 | 13-15 || total
-------------------------+-------+-------+-------+-------+-------++-------
Melee: Unarmed           |   121 |       |       |       |       ||   121
       Dagger            |       |   237 |   257 |       |       ||   494
       Club              |       |    28 |       |       |       ||    28
       Long sword        |       |       |    76 |   935 |   233 ||  1244
       Great sword       |       |       |       |    14 |       ||    14
 Fire: Blowgun           |       |       |       |    13 |     5 ||    18
Invok: Heal Other        |       |     2 |     9 |    16 |     7 ||    34
       Lesser Healing    |       |       |     1 |     2 |       ||     3
       Divine Protection |       |       |       |       |     1 ||     1
 Abil: Dig               |       |       |       |     2 |     1 ||     3
       Shaft Self        |       |       |       |       |     1 ||     1
  Use: Scroll            |       |    10 |     5 |    11 |       ||    26
       Potion            |       |       |       |     1 |     1 ||     2
 Stab: Sleeping          |     1 |       |       |       |       ||     1
  Eat: Chunk             |     1 |    10 |    13 |    44 |     5 ||    73
       Beef jerky        |       |       |     1 |     4 |     1 ||     6
       Meat ration       |       |       |     1 |       |       ||     1
       Bread ration      |       |       |       |     1 |       ||     1
       Pizza             |       |       |       |     3 |     2 ||     5
